General information
- name: BNet
- type: Ladder team game (AT/RT)
- host: Battle.net
- saver: bLinn
map: Monsoon
- players: 6
- length: 36:26
- speed: Fast
- version: 1.21 W3XP
- replay type:

» download(258 KB)
Players
team 1 (loser)
FaiNt. (
yellow | 43 APM | 1566 actions | 36:24)
5 Tauren Chieftain
2 War Stomp
3 Endurance Aura
3 Shadow Hunter
2 Healing Wave
1 Hex
» actions
| Basic commands | 1 | |
| Build / train | 54 | |
| Enter build submenu | 23 | |
| Enter hero's abilities submenu | 8 | |
| Remove unit from queue | 2 | |
| Right click | 907 | |
| Select / deselect | 488 | |
| Use ability | 83 | |
1566 total
» units
| Peon | 9 | |
| Grunt | 6 | |
| Spirit Walker | 2 | |
| Demolisher | 1 | |
| Tauren | 10 | |
| Troll Batrider | 4 | |
32 total
» upgrades
| Armor | 2 | |
| Spirit Walker Training | 1 | |
| Melee Weapons | 1 | |
| Pulverize | 1 | |
5 total
» buildings
| Altar of Storms | 1 | |
| Orc Burrow | 8 | |
| Barracks | 1 | |
| Stronghold | 1 | |
| War Mill | 1 | |
| Voodoo Lounge | 1 | |
| Spirit Lodge | 1 | |
| Fortress | 1 | |
| Tauren Totem | 2 | |
| Watch Tower | 6 | |
| Beastiary | 1 | |
| Great Hall | 1 | |
25 total
» build order
00:24 Altar of Storms
00:39 Orc Burrow
00:53 Barracks
01:02 Orc Burrow
03:18 Orc Burrow
03:29 Stronghold
03:51 War Mill
05:33 Orc Burrow
05:48 Voodoo Lounge
05:57 Spirit Lodge
06:31 Fortress
08:31 Orc Burrow
08:33 Orc Burrow
09:26 Tauren Totem
09:33 Tauren Totem
12:39 Watch Tower
12:42 Watch Tower
13:08 Watch Tower
13:14 Watch Tower
16:00 Watch Tower
16:05 Watch Tower
16:41 Orc Burrow
16:43 Orc Burrow
25:26 Beastiary
30:58 Great Hall
» items
| Lesser Clarity Potion | 1 | |
| Healing Salve | 1 | |
2 total
wisdom-trooper (
purple | 45 APM | 1619 actions | 35:59)
6 Shadow Hunter
2 Healing Wave
1 Hex
2 Serpent Ward
1 Big Bad Voodoo
» actions
| Basic commands | 117 | |
| Build / train | 93 | |
| Enter build submenu | 40 | |
| Enter hero's abilities submenu | 6 | |
| Remove unit from queue | 4 | |
| Right click | 632 | |
| Select / deselect | 619 | |
| Use ability | 108 | |
1619 total
» units
| Peon | 25 | |
| Grunt | 8 | |
| Demolisher | 8 | |
| Shaman | 6 | |
| Tauren | 3 | |
| Troll Headhunter/Berserker | 16 | |
66 total
» upgrades
| Pillage | 1 | |
| Berserker Strength | 1 | |
| Armor | 1 | |
| Melee Weapons | 0 | |
| Shaman Training | 2 | |
| Ranged Weapons | 1 | |
| Burning Oil | 1 | |
| Spiked Barricades | 2 | |
| Berserker Upgrade | 1 | |
| Troll Regeneration | 1 | |
11 total
» buildings
| Altar of Storms | 1 | |
| Orc Burrow | 9 | |
| Barracks | 5 | |
| Voodoo Lounge | 1 | |
| Stronghold | 1 | |
| War Mill | 1 | |
| Fortress | 1 | |
| Spirit Lodge | 1 | |
| Great Hall | 4 | |
| Tauren Totem | 2 | |
| Watch Tower | 8 | |
34 total
» build order
00:09 Altar of Storms
00:14 Orc Burrow
00:38 Barracks
01:36 Orc Burrow
01:58 Orc Burrow
02:05 Voodoo Lounge
04:15 Stronghold
04:52 Orc Burrow
05:15 War Mill
07:13 Fortress
07:21 Spirit Lodge
07:48 Great Hall
08:24 Barracks
11:16 Tauren Totem
12:35 Orc Burrow
12:37 Tauren Totem
16:03 Watch Tower
17:30 Orc Burrow
17:32 Orc Burrow
17:35 Orc Burrow
17:42 Orc Burrow
17:46 Watch Tower
18:00 Watch Tower
19:21 Watch Tower
19:24 Watch Tower
20:09 Watch Tower
20:11 Watch Tower
20:14 Watch Tower
21:20 Great Hall
21:27 Barracks
22:00 Great Hall
23:54 Great Hall
25:24 Barracks
25:30 Barracks
» items
| Scroll of Healing | 1 | |
| Scroll of Town Portal | 2 | |
| Orb of Lightning | 1 | |
| Potion of Mana | 1 | |
5 total
xx_doom_xx (
green | 67 APM | 2413 actions | 36:08)
5 Blood Mage
3 Flame Strike
1 Siphon Mana
1 Banish
3 Mountain King
2 Storm Bolt
1 Bash
2 Archmage
1 Brilliance Aura
1 Blizzard
» actions
| Assign group hotkey | 107 | |
| Build / train | 106 | |
| Enter build submenu | 27 | |
| Enter hero's abilities submenu | 10 | |
| Give item / drop item | 1 | |
| Remove unit from queue | 1 | |
| Right click | 1221 | |
| Select / deselect | 469 | |
| Select group hotkey | 376 | |
| Use ability | 95 | |
2413 total
» units
| Peasant | 16 | |
| Rifleman | 12 | |
| Mortar Team | 5 | |
| Dragonhawk Rider | 12 | |
| Siege Engine | 5 | |
| Flying Machine | 21 | |
71 total
» upgrades
| Gunpowder | 1 | |
| Armor | 1 | |
| Long Rifles | 1 | |
| Fragmentation Shards | 1 | |
| Cloud | 1 | |
| Lumber Harvesting | 1 | |
| Barrage | 1 | |
| Masonry | 1 | |
| Flare | 1 | |
| Flak Cannons | 1 | |
10 total
» buildings
| Farm | 11 | |
| Altar of Kings | 1 | |
| Barracks | 1 | |
| Blacksmith | 1 | |
| Scout Tower | 4 | |
| Lumber Mill | 1 | |
| Arcane Tower | 1 | |
| Arcane Vault | 2 | |
| Keep | 1 | |
| Town Hall | 1 | |
| Workshop | 2 | |
| Gryphon Aviary | 1 | |
| Castle | 1 | |
| Arcane Sanctum | 1 | |
29 total
» build order
00:20 Farm
00:26 Altar of Kings
00:47 Barracks
01:05 Blacksmith
01:25 Farm
01:35 Scout Tower
02:22 Lumber Mill
02:27 Arcane Tower
02:41 Arcane Vault
02:46 Arcane Vault
03:54 Farm
04:17 Keep
04:29 Farm
05:50 Farm
05:52 Farm
06:34 Town Hall
07:48 Workshop
08:58 Gryphon Aviary
09:41 Castle
11:27 Farm
11:29 Farm
13:26 Arcane Sanctum
13:57 Workshop
14:37 Farm
15:53 Scout Tower
15:59 Scout Tower
16:03 Scout Tower
20:54 Farm
20:57 Farm
» items
| Healing Salve | 1 | |
| Scroll of Regeneration | 1 | |
| Lesser Clarity Potion | 1 | |
| Orb of Fire | 1 | |
| Staff of Sanctuary | 1 | |
| Potion of Healing | 1 | |
| Scroll of Town Portal | 1 | |
| Potion of Lesser Invulnerability | 1 | |
8 total
team 2 (winner)
BEAR_AND (
red | 92 APM | 3355 actions | 36:25)
5 Tauren Chieftain
3 Shockwave
2 Endurance Aura
» actions
| Assign group hotkey | 16 | |
| Basic commands | 4 | |
| Build / train | 68 | |
| Enter build submenu | 72 | |
| Enter hero's abilities submenu | 6 | |
| Give item / drop item | 4 | |
| Remove unit from queue | 5 | |
| Right click | 2117 | |
| Select / deselect | 341 | |
| Select group hotkey | 571 | |
| Use ability | 149 | |
3355 total
» units
» upgrades
| Ranged Weapons | 3 | |
| Liquid Fire | 1 | |
| Armor | 1 | |
| Spiked Barricades | 1 | |
6 total
» buildings
| Altar of Storms | 3 | |
| Orc Burrow | 9 | |
| War Mill | 2 | |
| Watch Tower | 47 | |
| Stronghold | 1 | |
| Voodoo Lounge | 3 | |
| Beastiary | 2 | |
| Great Hall | 2 | |
| Fortress | 1 | |
| Barracks | 1 | |
71 total
» build order
00:09 Altar of Storms
00:12 Orc Burrow
00:17 War Mill
01:32 Watch Tower
01:40 Watch Tower
02:12 Watch Tower
02:14 Watch Tower
02:50 Watch Tower
02:52 Watch Tower
03:08 Watch Tower
03:14 Stronghold
03:35 Watch Tower
03:50 Watch Tower
04:02 Orc Burrow
04:39 Watch Tower
04:41 Watch Tower
04:43 Watch Tower
04:48 Voodoo Lounge
05:12 Watch Tower
05:14 Watch Tower
05:46 Watch Tower
05:46 Watch Tower
05:52 Watch Tower
06:02 Beastiary
06:07 Beastiary
06:57 Watch Tower
07:04 Watch Tower
07:05 Watch Tower
07:24 Watch Tower
07:40 Orc Burrow
07:42 Orc Burrow
07:49 Great Hall
08:15 Watch Tower
08:37 Watch Tower
08:54 Watch Tower
08:56 Voodoo Lounge
09:37 Watch Tower
10:26 Watch Tower
11:36 Watch Tower
11:38 Fortress
12:50 Watch Tower
12:51 Watch Tower
13:27 Watch Tower
13:29 Watch Tower
15:59 Barracks
16:00 Watch Tower
16:03 Watch Tower
16:03 Watch Tower
18:09 Watch Tower
20:45 Watch Tower
20:46 Watch Tower
20:47 Watch Tower
20:47 Watch Tower
23:11 Altar of Storms
23:13 Orc Burrow
23:19 Altar of Storms
23:20 Orc Burrow
23:21 Orc Burrow
24:04 Orc Burrow
25:29 Voodoo Lounge
26:10 War Mill
30:16 Watch Tower
30:16 Watch Tower
30:21 Watch Tower
30:22 Watch Tower
31:47 Great Hall
31:52 Watch Tower
32:17 Orc Burrow
32:24 Watch Tower
34:29 Watch Tower
35:36 Watch Tower
» items
| Staff of Teleportation | 1 | |
| Healing Salve | 2 | |
| Lesser Clarity Potion | 6 | |
| Boots of Speed | 1 | |
| Scroll of Town Portal | 2 | |
| Orb of Lightning | 1 | |
| Scroll of Regeneration | 1 | |
| Potion of Healing | 2 | |
16 total
bLinn (
pink | 100 APM | 3641 actions | 36:26)
7 Warden
3 Shadow Strike
3 Blink
1 Spirit of Vengeance
» actions
| Assign group hotkey | 188 | |
| Basic commands | 4 | |
| Build / train | 101 | |
| ESC pressed | 4 | |
| Enter build submenu | 37 | |
| Enter hero's abilities submenu | 7 | |
| Give item / drop item | 15 | |
| Remove unit from queue | 11 | |
| Right click | 2275 | |
| Select / deselect | 276 | |
| Select group hotkey | 502 | |
| Use ability | 220 | |
3641 total
» units
» upgrades
| Nature's Blessing | 1 | |
| Well Spring | 1 | |
| Strength of the Wild | 2 | |
| Reinforced Hides | 1 | |
| Corrosive Breath | 1 | |
6 total
» buildings
| Altar of Elders | 2 | |
| Moon Well | 19 | |
| Tree of Ages | 7 | |
| Ancient of Wonders | 1 | |
| Tree of Life | 7 | |
| Tree of Eternity | 6 | |
| Ancient of Wind | 4 | |
| Hunter's Hall | 2 | |
| Chimaera Roost | 2 | |
50 total
» build order
00:08 Altar of Elders
00:13 Moon Well
01:21 Moon Well
03:22 Moon Well
03:49 Tree of Ages
03:49 Tree of Ages
05:10 Ancient of Wonders
05:21 Moon Well
05:22 Moon Well
06:22 Moon Well
06:38 Moon Well
06:44 Tree of Life
07:21 Tree of Life
07:42 Tree of Life
08:14 Tree of Eternity
08:14 Tree of Eternity
08:14 Tree of Eternity
08:54 Moon Well
08:59 Moon Well
10:13 Ancient of Wind
10:14 Hunter's Hall
10:25 Ancient of Wind
10:26 Hunter's Hall
10:35 Ancient of Wind
11:45 Chimaera Roost
11:46 Chimaera Roost
19:59 Tree of Life
21:19 Tree of Life
23:02 Moon Well
23:03 Moon Well
23:04 Moon Well
23:09 Moon Well
23:10 Moon Well
24:14 Tree of Ages
24:14 Tree of Ages
25:21 Moon Well
25:27 Tree of Ages
25:27 Tree of Ages
26:32 Moon Well
27:47 Moon Well
28:56 Moon Well
28:56 Moon Well
29:04 Tree of Life
30:13 Altar of Elders
30:33 Tree of Life
33:59 Tree of Eternity
33:59 Tree of Eternity
34:02 Ancient of Wind
» items
| Boots of Speed | 2 | |
| Staff of Teleportation | 1 | |
| Orb of Venom | 1 | |
| Scroll of Town Portal | 3 | |
| Staff of Preservation | 1 | |
| Potion of Lesser Invulnerability | 4 | |
| Scroll of Regeneration | 2 | |
| Potion of Healing | 2 | |
16 total
TIMG4STRok (
blue | 104 APM | 3793 actions | 36:25)
6 Mountain King
3 Storm Bolt
2 Bash
1 Avatar
5 Goblin Tinker
3 Cluster Rockets
2 Engineering Upgrade
» actions
| Assign group hotkey | 13 | |
| Basic commands | 86 | |
| Build / train | 134 | |
| ESC pressed | 1 | |
| Enter build submenu | 85 | |
| Enter hero's abilities submenu | 11 | |
| Give item / drop item | 8 | |
| Right click | 1718 | |
| Select / deselect | 360 | |
| Select group hotkey | 1024 | |
| Use ability | 353 | |
3793 total
» units
| Peasant | 24 | |
| Dragonhawk Rider | 8 | |
32 total
» upgrades
| Masonry | 3 | |
| Lumber Harvesting | 2 | |
| Armor | 3 | |
| Animal War Training | 1 | |
| Cloud | 1 | |
| Magic Sentry | 1 | |
| Swords | 3 | |
14 total
» buildings
| Lumber Mill | 2 | |
| Farm | 11 | |
| Altar of Kings | 2 | |
| Scout Tower | 122 | |
| Arcane Tower | 1 | |
| Guard Tower | 36 | |
| Blacksmith | 1 | |
| Keep | 1 | |
| Town Hall | 4 | |
| Arcane Vault | 3 | |
| Gryphon Aviary | 3 | |
| Castle | 1 | |
| Barracks | 1 | |
| Arcane Sanctum | 1 | |
189 total
» build order
00:13 Lumber Mill
00:18 Farm
00:34 Altar of Kings
00:36 Scout Tower
01:05 Arcane Tower
01:29 Scout Tower
01:51 Farm
02:25 Guard Tower
02:48 Scout Tower
02:48 Scout Tower
03:36 Guard Tower
03:38 Scout Tower
03:41 Scout Tower
04:23 Guard Tower
04:25 Scout Tower
04:25 Scout Tower
05:05 Guard Tower
05:07 Scout Tower
05:09 Scout Tower
05:24 Blacksmith
05:25 Farm
05:46 Scout Tower
05:50 Scout Tower
06:19 Guard Tower
06:21 Scout Tower
06:22 Scout Tower
07:01 Guard Tower
07:03 Scout Tower
07:05 Scout Tower
07:07 Keep
07:36 Guard Tower
07:57 Scout Tower
07:58 Scout Tower
07:59 Scout Tower
07:59 Scout Tower
08:00 Scout Tower
08:01 Scout Tower
08:01 Scout Tower
08:02 Scout Tower
08:02 Scout Tower
08:12 Scout Tower
08:13 Scout Tower
09:03 Guard Tower
09:06 Scout Tower
09:07 Scout Tower
09:08 Scout Tower
09:12 Town Hall
09:16 Guard Tower
09:18 Scout Tower
09:18 Scout Tower
09:19 Scout Tower
09:19 Scout Tower
09:20 Scout Tower
09:20 Scout Tower
09:21 Scout Tower
09:22 Scout Tower
09:28 Farm
09:28 Farm
09:28 Farm
09:30 Farm
09:30 Farm
11:38 Guard Tower
12:06 Arcane Vault
13:27 Guard Tower
13:29 Scout Tower
13:51 Scout Tower
13:52 Scout Tower
13:53 Scout Tower
14:11 Scout Tower
14:12 Scout Tower
14:13 Scout Tower
14:14 Scout Tower
14:15 Scout Tower
14:16 Scout Tower
14:17 Scout Tower
14:17 Scout Tower
14:19 Guard Tower
14:33 Guard Tower
14:38 Guard Tower
14:45 Guard Tower
14:46 Guard Tower
15:03 Guard Tower
15:17 Guard Tower
15:31 Guard Tower
15:34 Scout Tower
15:34 Scout Tower
15:35 Scout Tower
15:39 Scout Tower
15:39 Scout Tower
15:41 Scout Tower
15:42 Scout Tower
15:43 Scout Tower
15:44 Scout Tower
15:50 Gryphon Aviary
15:50 Gryphon Aviary
15:58 Gryphon Aviary
16:02 Altar of Kings
17:00 Guard Tower
17:50 Castle
17:55 Barracks
18:44 Town Hall
18:49 Scout Tower
18:52 Scout Tower
18:52 Scout Tower
18:53 Scout Tower
18:54 Scout Tower
18:55 Scout Tower
18:56 Scout Tower
18:57 Scout Tower
18:59 Scout Tower
19:00 Scout Tower
19:05 Scout Tower
19:06 Scout Tower
19:07 Scout Tower
19:08 Scout Tower
19:09 Scout Tower
19:20 Guard Tower
19:21 Guard Tower
19:24 Arcane Sanctum
19:56 Guard Tower
19:58 Guard Tower
20:12 Farm
20:27 Lumber Mill
20:29 Guard Tower
20:41 Farm
20:43 Farm
20:54 Guard Tower
21:02 Guard Tower
22:28 Scout Tower
22:29 Scout Tower
22:30 Scout Tower
22:31 Scout Tower
22:35 Scout Tower
22:35 Scout Tower
22:36 Scout Tower
23:02 Guard Tower
25:05 Guard Tower
27:56 Scout Tower
27:57 Scout Tower
28:27 Arcane Vault
28:32 Guard Tower
28:53 Scout Tower
28:54 Scout Tower
28:54 Scout Tower
28:55 Scout Tower
28:57 Scout Tower
28:57 Scout Tower
28:58 Scout Tower
30:15 Guard Tower
30:20 Scout Tower
30:21 Scout Tower
30:23 Scout Tower
30:23 Scout Tower
30:25 Scout Tower
30:25 Scout Tower
30:52 Guard Tower
31:41 Guard Tower
31:43 Scout Tower
31:43 Scout Tower
31:44 Scout Tower
31:45 Scout Tower
31:46 Scout Tower
31:47 Scout Tower
31:49 Guard Tower
32:01 Town Hall
32:16 Guard Tower
33:52 Town Hall
33:58 Arcane Vault
34:24 Scout Tower
34:25 Scout Tower
34:25 Scout Tower
34:26 Scout Tower
34:27 Scout Tower
34:27 Scout Tower
34:28 Scout Tower
34:29 Scout Tower
34:29 Scout Tower
34:30 Scout Tower
34:30 Scout Tower
34:30 Scout Tower
34:32 Scout Tower
34:32 Scout Tower
34:33 Scout Tower
34:33 Scout Tower
34:34 Scout Tower
34:35 Scout Tower
34:36 Scout Tower
34:37 Scout Tower
35:00 Guard Tower
» items
| Staff of Teleportation | 2 | |
| Boots of Speed | 2 | |
| Healing Salve | 1 | |
| Lesser Clarity Potion | 9 | |
| Potion of Healing | 6 | |
| Scroll of Regeneration | 8 | |
| Potion of Mana | 4 | |
| Staff of Sanctuary | 2 | |
| Orb of Lightning | 2 | |
36 total
Chat log
(01:11 / Allies) TIMG4STRok: wats ur favorite dish....
(05:08 / All) FaiNt.: so lucky
(05:12 / All) TIMG4STRok: BHUH
(05:15 / All) BEAR_AND: nope
(05:16 / All) BEAR_AND: skill
(05:20 / All) BEAR_AND: all 3 of us were microing his one hero
(05:20 / All) FaiNt.: rofl stfu
(05:28 / Allies) BEAR_AND: mountan keng had 600 apm
(05:33 / All) BEAR_AND: mountan keng had 600 apm
(11:10 / All) BEAR_AND: no my liege
(14:43 / All) FaiNt.: WHAT THE FUK
(26:33 / All) BEAR_AND: run bitch
(26:37 / All) BEAR_AND: PWNED
(31:40 / All) FaiNt.: im so pissed
(31:45 / All) FaiNt.: u guys r fucking gay
(31:50 / All) TIMG4STRok: huh u suck
(31:52 / All) bLinn: if ur drunk maybe that's not why you're playing so well ?
(32:06 / All) xx_doom_xx: ....
(33:45 / All) BEAR_AND: all of u
(33:48 / All) BEAR_AND: verery bad
(34:04 / All) FaiNt.: red
(34:07 / All) xx_doom_xx: lol and ur pro?
(34:07 / All) FaiNt.: you fucking massed bats
(34:08 / All) FaiNt.: lmao
(34:09 / All) BEAR_AND: peace
(34:16 / All) TIMG4STRok: u massed losing.....
(34:19 / All) BEAR_AND: peace
(34:36 / All) BEAR_AND: u lose Lol
(34:44 / All) bLinn: face it.. u god owned
(34:50 / All) BEAR_AND: u god owned u
(34:52 / All) xx_doom_xx: yeah its a real staisfing victory
(34:53 / All) BEAR_AND: when he made u play us
(35:01 / All) FaiNt.: red lol stfu u massed bats
(35:02 / All) xx_doom_xx: satisfying*
(35:07 / All) TIMG4STRok: where ure expo went purple oh kaboom
(35:08 / All) FaiNt.: i killed ur hero 5 times
(35:11 / All) BEAR_AND: lol yelllow stfu u masssed Tareng
(35:15 / All) BEAR_AND: and nope, once
(35:26 / All) FaiNt.: ur so cocky you fucking bitch
(35:27 / All) FaiNt.: 1v1 me
(35:30 / All) BEAR_AND: ok
(35:31 / All) BEAR_AND: quit
(35:33 / All) BEAR_AND: leave beitch
(35:38 / All) FaiNt.: dont dodge
(35:42 / All) BEAR_AND: i don't dodge
(35:44 / All) BEAR_AND: u will be
(35:55 / All) BEAR_AND: u will be Destroy
(36:00 / All) FaiNt.: lol
(36:01 / All) BEAR_AND: *talks a shit in u*
(36:11 / All) bLinn: GG NOBOS